 Dungeon Crawl Stone Soup version 0.31.0-11-ge490571c62 (webtiles) character file.

Game seed: 3283373384435459382

35 qw the Shooter (level 3, 0/18 HPs)
             Began as a Spriggan Hunter on Feb 4, 2024.
             Succumbed to an adder's poison
             ... on level 2 of the Dungeon.
             The game lasted 00:00:32 (767 turns).

qw the Shooter (Spriggan Hunter)                     Turns: 767, Time: 00:00:33

Health: 0/18       AC:  2    Str:  7    XL:     3   Next: 16%
Magic:  4/4        EV: 19    Int: 10    God:
Gold:   107        SH:  0    Dex: 20    Spells: 2/2 levels left

rFire   . . .        a - +0 shortbow
rCold   . . .        (shield currently unavailable)
rNeg    . . .        c - +0 robe
rPois   .            (helmet restricted)
rElec   .            (no cloak)
rCorr   .            (gloves unavailable)
SInv    +            (boots unavailable)
Will    .....        (no amulet)
Stlth   ++           (no ring)
HPRegen 0.23/turn    (no ring)
MPRegen 0.09/turn

%: no passive effects
@: lethally poisoned (0 -> -7), very quick
A: very small, no large weapons, unfitting armour, see invisible, speed 3
a: no special abilities


You were on level 2 of the Dungeon.
You visited 1 branch of the dungeon, and saw 2 of its levels.

You collected 107 gold pieces.


Innate Abilities, Weirdness & Mutations

You are very small and have problems with some larger weapons.
You are too small for most types of armour.
You have supernaturally acute eyesight. (SInv)
You cover ground extremely quickly. (Speed+++)


   Skills:
 - Level 1.5 Fighting
 + Level 4.5 Ranged Weapons
 - Level 4.0 Dodging
 - Level 1.5 Stealth


You had 2 spell levels left.
You didn't know any spells.
Your spell library was empty.

Inventory:

Hand Weapons
 a - a +0 shortbow (weapon)
Armour
 c - a +0 robe (worn)
Jewellery
 e - a +4 ring of protection
Scrolls
 b - a scroll of enchant armour {unknown}
Potions
 d - a potion of attraction {unknown}
 f - 2 potions of curing {unknown}
 g - a potion of degeneration {unknown}
 h - a potion of enlightenment {unknown}
 i - a potion of heal wounds {unknown}

Dungeon Overview and Level Annotations

Branches:
Dungeon (2/15)

Altars:


Message History

h - a puce potion
f - 2 lumpy brown potions (gained 1)
Found 6 stones.
You now have 85 gold pieces (gained 16).
You see here a +0 robe.
You now have 96 gold pieces (gained 11).
Found a robe.
You now have 107 gold pieces (gained 11).
You enter the shallow water.
Moving in this stuff is going to be slow.
You see here a +0 robe.
An endoplasm, an adder and a ball python come into view.
The adder hisses angrily.
The ball python hisses angrily.
The endoplasm quivers.
You shoot an arrow. The arrow hits the adder.
The adder is moderately wounded.
You shoot an arrow.
The arrow hits the adder but does no damage.
The adder is moderately wounded.
You shoot an arrow. The arrow misses the adder.
The arrow hits the ball python but does no damage.
The adder barely misses you. The ball python barely misses you.
The ball python grabs you. The ball python constricts you.
You shoot an arrow. The arrow hits the ball python.
You kill the ball python!
The adder bites you. x2
You are poisoned.
The adder poisons you!
You shoot an arrow. The arrow hits the adder.
The adder is severely wounded.
You feel sick. The endoplasm completely misses you. The adder bites you.
You shoot an arrow. The arrow closely misses the adder.
You feel sick. The adder closely misses you. The endoplasm misses you.
The adder bites you.
You are lethally poisoned!
The adder poisons you! The endoplasm freezes you.
You are frozen.
You shoot an arrow. The arrow barely misses the adder.
You die...

#.....~~7.PP.. #.
#...~~~~~~PP.. #.
#..~~~~~~~~PP# #.
#P~~~~~~~~~~.# #.
#.~~~~~~~~~~.# #.
#P..~~~~~~~..# #.
#..P.~~~~~.P.#
#.##...[~~~~P...#
#S@...P~~~......#
#J##...~~~....P.### ...
#....P.....P.... .....
########........ #......
#####........ #......#
#............
#.......####............
#.......................
#...............


You could see an adder and an endoplasm.

Vanquished Creatures
  2 ribbon worms
  5 bats (D:1)
  3 endoplasms
  4 goblins (D:1)
  2 hobgoblins (D:1)
  2 quokkas (D:1)
  4 ball pythons
  A frilled lizard (D:1)
  3 kobolds (D:1)
  A rat (D:1)
27 creatures vanquished.

Notes
Turn   | Place    | Note
-------+----------+-------------------------------------------
     0 | D:1      | qw the Spriggan Hunter began the quest for the Orb.
     0 | D:1      | Reached XP level 1. HP: 10/10 MP: 2/2
     0 | D:1      | 0 ||| qw: Version: 0.3-a-160-g6735b56
     0 | D:1      | 0 ||| qw: Game counter: 6002
     0 | D:1      | 0 ||| qw: Melee chars always use a shield: true
     0 | D:1      | 0 ||| qw: God list: Okawaru
     0 | D:1      | 0 ||| qw: Allow faded altars: false
     0 | D:1      | 0 ||| qw: Do Orc after clearing Dungeon:15 true
     0 | D:1      | 0 ||| qw: Do second Lair branch before Depths: true
     0 | D:1      | 0 ||| qw: Lair rune preference: random
     0 | D:1      | 0 ||| qw: Goals: Normal
     0 | D:1      | 0 ||| PLANNING D:1-11
   130 | D:1      | Reached skill level 3 in Dodging
   199 | D:1      | Reached XP level 2. HP: 14/14 MP: 3/3
   393 | D:1      | Found a faded altar of an unknown god.
   605 | D:1      | 605 ||| READING scroll labelled HEASKU MAOTISUO.
   606 | D:1      | 606 ||| READING scroll labelled AZOJOO NIZEN.
   607 | D:1      | 607 ||| DROPPING scroll of butterflies.
   643 | D:2      | 643 ||| STAIRDANCE
   650 | D:2      | 650 ||| STAIRDANCE
   656 | D:2      | 656 ||| STAIRDANCE
   667 | D:2      | 667 ||| STAIRDANCE
   672 | D:1      | Reached XP level 3. HP: 15/18 MP: 4/4
   707 | D:2      | 707 ||| DROPPING +1 sling of flaming.
   766 | D:2      | HP: 2/18 [frozen (4)]
   767 | D:2      | Succumbed to an adder's poison

Levels and vault maps discovered:
D:1:      nicolae_arrival_memento_mori, layout_loops_ring,
          hellmonk_ecumenical_altar_prayer_group
D:2:      layout_rooms, guppyfry_early_lair_pool

Skill      XL: |  1  2 |
---------------+-------+-----
Dodging        | 3 4 |  4.0
Fighting       | |  1.5
Ranged Weapons | |  4.5
Stealth        | |  1.5

Action                     || total
---------------------------++-------
   Fire: Shortbow          ||    85
    Use: Scroll            ||     2
 Armour: Robe              ||    11
  Dodge: Dodged            ||    50

Table legend:
 A = Non-vault XP
 B = Vault XP
 C = Vault XP percentage of total XP
 D = Non-vault monster count
 E = Vault monster count
 F = Vault count percentage of total count
                 A         B        C        D         E       F
            +---------+---------+-------+---------+---------+-------
      Total |      46 |       4 |   8.0 |      25 |       2 |   7.4
            +---------+---------+-------+---------+---------+-------
        D:1 |      37 |       4 |   9.8 |      21 |       2 |   8.7
        D:2 |       9 |       0 |   0.0 |       4 |       0 |   0.0
            +---------+---------+-------+---------+---------+-------
